 Dungeon Crawl Stone Soup version 0.28-a0-1447-ga5a8893891 (webtiles) character file.

Game seed: 12532626123683942359

330 knot the Chopper (level 6, -2/70 HPs)
             Began as a Demonspawn Berserker on Jan 12, 2022.
             Was a Believer of Trog.
             Slain by an iguana (12 damage)
             ... on level 4 of the Dungeon.
             The game lasted 00:03:29 (4698 turns).

knot the Chopper (Demonspawn Berserker)             Turns: 4698, Time: 00:03:30

Health: -2/70      AC:  4    Str: 15    XL:     6   Next: 26%
Magic:  6/6        EV: 12    Int: 10    God:    Trog [**....]
Gold:   279        SH:  0    Dex: 13    Spells: 5/5 levels left

rFire   . . .      SeeInvis .   a - +0 hand axe
rCold   + . .      Faith    .   (no shield)
rNeg    . . .      Spirit   .   k - +2 robe of Xikhlupp {rElec Will+ Str-2 Archmagi}
rPois   .          Reflect  .   (helmet restricted)
rElec   +          Harm     .   (no cloak)
rCorr   .          Rampage  .   (no gloves)
Will    +....      Archmagi +   (no boots)
Stlth   ..........              (no amulet)
HPRegen 0.21/turn               d - ring of protection from cold
MPRegen 0.10/turn               (no ring)

@: berserking, very quick
A: horns 1
a: Renounce Religion, Berserk, Trog's Hand


You were on level 4 of the Dungeon.
You worshipped Trog.
Trog was pleased with you.
You visited 1 branch of the dungeon, and saw 4 of its levels.

You collected 279 gold pieces.

Inventory:

Hand Weapons
 a - a +0 hand axe (weapon)
Missiles
 c - 2 boomerangs
 e - 25 sling bullets
 i - 69 stones
 j - 13 poisoned darts (quivered)
Armour
 k - the +2 robe of Xikhlupp (worn) {rElec Will+ Str-2 Archmagi}
   (You found it on level 2 of the Dungeon)

   Str:       It affects your strength (-2).
   rElec:     It insulates you from electricity.
   Archmagi:  It increases the power of your magical spells.
   Will:      It increases your willpower.
Jewellery
 d - a ring of protection from cold (left hand)
Scrolls
 b - a scroll of fog {unknown}
 f - a scroll of fear {unknown}
 h - a scroll of vulnerability {unknown}
 l - 2 scrolls of immolation {unknown}
 m - 2 scrolls of teleportation {unknown}
 n - a scroll of holy word {unknown}
 o - 3 scrolls of identify {unknown}
 p - 2 scrolls of brand weapon {unknown}
 s - a scroll of enchant armour {unknown}
 t - a scroll of enchant weapon {unknown}
Potions
 g - a potion of attraction {unknown}
 q - a potion of might {unknown}
 r - a potion of heal wounds {unknown}
 u - a potion of mutation {unknown}


   Skills:
 - Level 3.0 Fighting
 * Level 5.2 Axes
 * Level 3.5 Throwing
 - Level 1.7 Armour
 - Level 1.7 Dodging


You had 5 spell levels left.
You didn't know any spells.
Your spell library contained the following spells:

 Spells                   Type           Power      Damage    Failure   Level
 Conjure Flame            Conj/Fire      0%         6-21      75%         3
 Dazzling Flash           Conj/Hex       0%         N/A       75%         3
 Ignite Poison            Fire/Tmut/Pois 0%         N/A       75%         3
 Iskenderun's Mystic Bla  Conj/Tloc      0%         2d3       98%         4
 Sticky Flame             Conj/Fire      0%         2d3       98%         4
 Agony                    Necr           0%         N/A       100%        5
 Silence                  Hex/Air        0%         N/A       100%        5
 Starburst                Conj/Fire      0%         6d3       100%        6


Dungeon Overview and Level Annotations

Branches:
Dungeon (4/15)
 Temple: D:4-7

Altars:
Vehumet

Shops:
D:3 [


Innate Abilities, Weirdness & Mutations

You have a pair of small horns on your head.


Message History

The iguana bites you but does no damage.
You closely miss the iguana.
You headbutt the iguana, but do no damage.
The iguana is lightly wounded.
The iguana bites you!
You hit the iguana but do no damage. Your headbutt misses the iguana.
The iguana is lightly wounded.
The iguana closely misses you.
You hit the iguana. Your headbutt misses the iguana.
The iguana is moderately wounded.
The iguana bites you.
You completely miss the iguana. Your headbutt misses the iguana.
The iguana is moderately wounded.
The iguana bites you.
You hit the iguana.
The iguana is heavily wounded.
The iguana closely misses you.
You hit the iguana but do no damage. Your headbutt misses the iguana.
The iguana is heavily wounded.
The iguana barely misses you.
You hit the iguana but do no damage.
The iguana is heavily wounded.
The iguana closely misses you.
You hit the iguana but do no damage.
The iguana is moderately wounded.
The iguana bites you!
You are too injured to fight recklessly!
You are too injured to fight recklessly!
You are too injured to fight recklessly!
A red film seems to cover your vision as you go berserk!
You feel yourself moving faster!
You feel mighty! The iguana bites you!
* * * LOW HITPOINT WARNING * * *
You closely miss the iguana.
The iguana is moderately wounded.
The iguana bites you!
* * * LOW HITPOINT WARNING * * *
You barely miss the iguana.
The iguana is moderately wounded.
The iguana bites you!
You die...

##### #### #...#
.....#######...#####
....>......'.......#
......l@..##....##.#####
.....####.##............
##' #.#####..#..#... #.#
##.#.###.#
#.######....#...
#.........).)._.
###########...#...
.............###.#
..............#...


You could see an iguana.

Vanquished Creatures
  A necrophage (D:4)
  A water moccasin skeleton (D:4)
  A centaur skeleton (D:4)
  An orc priest (D:4)
  A hound skeleton (D:3)
  3 adders
  An ufetubus (D:3)
  5 worms
  4 orcs (D:4)
  9 ball pythons
  4 endoplasms
  5 giant cockroaches
  8 goblins
  5 hobgoblins
  4 jackals (D:1)
  9 kobolds
  2 quokkas (D:1)
  5 bats
  6 frilled lizards
  7 rats
82 creatures vanquished.

Notes
Turn   | Place    | Note
-------+----------+-------------------------------------------
     0 | D:1      | knot the Demonspawn Berserker began the quest for the Orb.
     0 | D:1      | Reached XP level 1. HP: 18/18 MP: 1/1
    78 | D:1      | Reached skill level 3 in Axes
    85 | D:1      | Gained mutation: You have a pair of small horns on your
                  | head. [demonic ancestry]
    85 | D:1      | Reached XP level 2. HP: 18/24 MP: 2/2
   351 | D:1      | Found a faded altar of an unknown god.
   794 | D:1      | Reached XP level 3. HP: 28/29 MP: 3/3
  1167 | D:2      | Reached skill level 1 in Throwing
  1527 | D:2      | Identified the +2 robe of Xikhlupp {rElec Will+ Str-2
                  | Archmagi}
  1623 | D:2      | Reached ** piety under Trog
  2035 | D:2      | Reached skill level 4 in Axes
  2492 | D:3      | Reached XP level 4. HP: 29/35 MP: 4/4
  3327 | D:3      | Found Urujuir's Antique Armour Boutique.
  3683 | D:4      | Reached XP level 5. HP: 8/41 MP: 5/5
  4215 | D:4      | Noticed a necrophage
  4227 | D:4      | Killed a necrophage
  4228 | D:4      | Reached skill level 5 in Axes
  4228 | D:4      | Reached XP level 6. HP: 40/47 MP: 6/6
  4322 | D:4      | Found a radiant altar of Vehumet.
  4698 | D:4      | Slain by an iguana

Illustrated notes

Levels and vault maps discovered:
D:1:      co_arrival_square_in_a_square_in_a_square, layout_rooms,
          shapermc_ecumenical_altar_venn
D:2:      layout_loops_ring, minmay_unequal
D:3:      minmay_recursive_quarters, layout_basic, serial_shops, shop
D:4:      layout_basic, vehumet_crystals, serial_curves, eino_curves_02,
          eino_curves_02, chequers_serial_rivers_marsh, kennysheep_dice

Skill      XL: |  1  2  3  4  5 |
---------------+----------------+-----
Axes           | 3 4 5 |  5.2
Throwing       | 1 2 3 |  3.5
Fighting       | |  3.0
Armour         | |  1.7
Dodging        | |  1.7

Action                   |  1- 3 |  4- 6 || total
-------------------------+-------+-------++-------
Melee: Hand axe          |   120 |   145 ||   265
       Punch             |     1 |     1 ||     2
       Headbutt          |    19 |    25 ||    44
Throw: Dart              |     3 |       ||     3
Invok: Berserk           |     4 |     2 ||     6
       Trog's Hand       |       |     1 ||     1
 Stab: Sleeping          |       |     1 ||     1
Armor: Animal skin       |    12 |       ||    12
       Robe              |    26 |    34 ||    60
Dodge: Dodged            |    69 |   102 ||   171

Table legend: (Time is in decaauts)
 A = Elapsed time spent in this place.
 B = Non-inter-level travel time spent in this place.
 C = Inter-level travel time spent in this place.
 D = Time resting spent in this place.
 E = Time spent auto-exploring this place.
 F = Levels seen in this place.
 G = Mean time per level.
                   A        B        C        D        E       F      G
               +--------+--------+--------+--------+--------+-----+--------+
         Total |   4770 |   4704 |     66 |   1125 |   2999 |   4 | 1192.5 |
       Dungeon |   4770 |   4704 |     66 |   1125 |   2999 |   4 | 1192.5 |
               +--------+--------+--------+--------+--------+-----+--------+

Top non-repeatable levels by time:
     D:2: 1406 daAuts
     D:1: 1126 daAuts
     D:3: 1123 daAuts
     D:4: 1114 daAuts
